PAAA
SALT LAKE CITY BUZZ @ TORTOLITA DRUMMERS
08/29/2022
 
TOP OF THE 1ST
Salt Lake City Buzz batting - Pitching for Tortolita Drummers : RHP Michael Logan
Pitching: RHP Michael Logan
Batting: RHB Roberto Ríos 0-0: Called Strike
0-1: Ball
1-1: Ball
2-1: Ground out 6-3 (Groundball, 6)
Batting: LHB Valentín Salas 0-0: Foul Ball, location: 2F
0-1: Ball
1-1: Ball
2-1: Ball
3-1: Base on Balls
Batting: RHB Oliver Aranda 0-0: SINGLE (Groundball, 4MD)
Valentín Salas to second
Valentín Salas to third
Batting: RHB Gustavo Mateo 0-0: Called Strike
0-1: Foul Ball, location: 2F
0-2: Strikes out swinging
Batting: SHB Wayne Saunders 0-0: Called Strike
Oliver Aranda steals 2nd base
0-1: Ball
1-1: Ball
2-1: Ball
3-1: Foul Ball, location: 2F
3-2: Ground out 4-3 (Groundball, 4)
Top of the 1st over - 0 run(s), 1 hit(s), 0 error(s), 2 left on base; Salt Lake City 0 - Tortolita 0
BOTTOM OF THE 1ST
Tortolita Drummers batting - Pitching for Salt Lake City Buzz : RHP Carlos Delgado
Pitching: RHP Carlos Delgado
Batting: SHB Will Brock 0-0: Called Strike
0-1: Ball
1-1: Foul Ball, location: 2F
1-2: Ball
2-2: Ball
3-2: Foul Ball, location: 2F
3-2: Foul Ball, location: 2F
3-2: Foul Ball, location: 2F
3-2: Fly out, F9 (Line Drive, 9M)
Batting: RHB Ignacio Rodríguez 0-0: Ball
1-0: Ball
2-0: Ball
3-0: Base on Balls
Batting: LHB Keith Spear 0-0: Ball
1-0: Foul Ball, location: 2F
1-1: Fly out, F7 (Flyball, 7LM)
Batting: RHB Ray Whittier 0-0: SINGLE (Line Drive, 6MD)
Ignacio Rodríguez to second
Batting: SHB Dan Godwin 0-0: Foul Ball, location: 2F
0-1: Foul Ball, location: 2F
0-2: Ball
1-2: Ball
2-2: Ground out 4-3 (Groundball, 4)
Bottom of the 1st over - 0 run(s), 1 hit(s), 0 error(s), 2 left on base; Salt Lake City 0 - Tortolita 0
TOP OF THE 2ND
Salt Lake City Buzz batting - Pitching for Tortolita Drummers : RHP Michael Logan
Batting: SHB Carlton Reed 0-0: Ball
1-0: Called Strike
1-1: Ball
2-1: Foul Ball, location: 2F
2-2: Fly out, F5 (Popup, 5F)
Batting: RHB Zach Lewis 0-0: Called Strike
0-1: Called Strike
0-2: Ball
1-2: Foul Ball, location: 2F
1-2: Foul Ball, location: 2F
1-2: Ball
2-2: Fly out, F7 (Line Drive, 7M)
Batting: RHB Jim Coffey 0-0: Foul Ball, location: 2F
0-1: SINGLE (Flyball, 7S)
Batting: LHB George Huffman 0-0: Called Strike
0-1: Ball
1-1: Foul Ball, location: 2F
1-2: Foul Ball, location: 2F
1-2: Ball
2-2: Foul Ball, location: 2F
2-2: Fly out, F8 (Flyball, 8LD)
Top of the 2nd over - 0 run(s), 1 hit(s), 0 error(s), 1 left on base; Salt Lake City 0 - Tortolita 0
BOTTOM OF THE 2ND
Tortolita Drummers batting - Pitching for Salt Lake City Buzz : RHP Carlos Delgado
Batting: RHB Jim Harris 0-0: Ball
1-0: Ball
2-0: Called Strike
2-1: Ball
3-1: Base on Balls
Batting: SHB Roger Wheeler 0-0: Ball
1-0: Swinging Strike
1-1: Grounds out, U3 (Groundball, 3L)
Batting: LHB Adrián Franco 0-0: Ball
1-0: Ball
2-0: Ground out U3 (Groundball, 3)
Jim Harris to third
Batting: RHB Nick Reed 0-0: Ball
1-0: Called Strike
1-1: Fly out, F6 (Popup, 56D)
Bottom of the 2nd over - 0 run(s), 0 hit(s), 0 error(s), 1 left on base; Salt Lake City 0 - Tortolita 0
TOP OF THE 3RD
Salt Lake City Buzz batting - Pitching for Tortolita Drummers : RHP Michael Logan
Batting: RHB Roberto Ríos 0-0: Ball
1-0: Fly out, F9 (Popup, 89S)
Batting: LHB Valentín Salas 0-0: Foul Ball, location: 2F
0-1: Ball
1-1: Ball
2-1: Foul Ball, location: 2F
2-2: Ground out 3-1 (Groundball, 34)
Batting: RHB Oliver Aranda 0-0: Called Strike
0-1: Foul Ball, location: 2F
0-2: Foul Ball, location: 2F
0-2: Strikes out looking
Top of the 3rd over - 0 run(s), 0 hit(s), 0 error(s), 0 left on base; Salt Lake City 0 - Tortolita 0
BOTTOM OF THE 3RD
Tortolita Drummers batting - Pitching for Salt Lake City Buzz : RHP Carlos Delgado
Batting: SHB Will Brock 0-0: Swinging Strike
0-1: Swinging Strike
0-2: Hit by Pitch
Batting: RHB Ignacio Rodríguez 0-0: Called Strike
0-1: Grounds into double play, 6-4-3 (Groundball, 56)
Batting: LHB Keith Spear 0-0: Ball
1-0: Ball
2-0: SINGLE (Groundball, 56D)
Batting: RHB Ray Whittier 0-0: Ball
1-0: Swinging Strike
1-1: Ball
2-1: Foul Ball, location: 2F
2-2: Ball
3-2: Foul Ball, location: 2F
3-2: Foul Ball, location: 2F
3-2: Base on Balls
Keith Spear to second
Batting: SHB Dan Godwin 0-0: Ball
1-0: Ball
2-0: SINGLE (Line Drive, 4)
Keith Spear to third
Ray Whittier to second
Runner from 3rd tries for Home, throw and OUT!
Bottom of the 3rd over - 0 run(s), 2 hit(s), 0 error(s), 2 left on base; Salt Lake City 0 - Tortolita 0
TOP OF THE 4TH
Salt Lake City Buzz batting - Pitching for Tortolita Drummers : RHP Michael Logan
Batting: RHB Gustavo Mateo 0-0: Ball
1-0: Swinging Strike
1-1: Foul Ball, location: 2F
1-2: Ball
2-2: Foul Ball, location: 2F
2-2: Hit by Pitch
Batting: SHB Wayne Saunders 0-0: Fly out, F5 (Popup, 5SF)
Batting: SHB Carlton Reed 0-0: Swinging Strike
0-1: Called Strike
0-2: Strikes out looking
Gustavo Mateo is caught stealing 2nd base
Batter strikes out.
Top of the 4th over - 0 run(s), 0 hit(s), 0 error(s), 0 left on base; Salt Lake City 0 - Tortolita 0
BOTTOM OF THE 4TH
Tortolita Drummers batting - Pitching for Salt Lake City Buzz : RHP Carlos Delgado
Batting: RHB Jim Harris 0-0: Called Strike
0-1: Foul Ball, location: 2F
0-2: Foul Ball, location: 2F
0-2: SINGLE (Flyball, 89S)
Batting: SHB Roger Wheeler 0-0: Ball
1-0: Ball
2-0: Ball
3-0: Called Strike
3-1: Base on Balls
Jim Harris to second
Batting: LHB Adrián Franco 0-0: Ball
1-0: SINGLE (Groundball, 34D)
Jim Harris to third
Roger Wheeler to second
Batting: RHB Nick Reed 0-0: Ball
1-0: Ball
2-0: Ball
3-0: Base on Balls
Jim Harris scores
Roger Wheeler to third
Adrián Franco to second
Batting: SHB Will Brock 0-0: Called Strike
0-1: Foul Ball, location: 2F
0-2: Ball
1-2: Ball
2-2: Strikes out swinging
Batting: RHB Ignacio Rodríguez 0-0: Ball
1-0: Reached on Error, E7 (Line Drive, 7M)
Roger Wheeler scores
Adrián Franco scores
Nick Reed to third
Batting: LHB Keith Spear 0-0: Ball
1-0: Foul Ball, location: 2F
1-1: Ball
2-1: Ground out 4-3 (Groundball, 4)
Nick Reed scores
Ignacio Rodríguez to third
Pitching: RHP Deron Kuhn
Batting: RHB Ray Whittier 0-0: Called Strike
0-1: Ball
1-1: Ball
2-1: Foul Ball, location: 2F
2-2: Strikes out looking
Bottom of the 4th over - 4 run(s), 2 hit(s), 1 error(s), 1 left on base; Salt Lake City 0 - Tortolita 4
TOP OF THE 5TH
Salt Lake City Buzz batting - Pitching for Tortolita Drummers : RHP Michael Logan
Batting: RHB Zach Lewis 0-0: Called Strike
0-1: Swinging Strike
0-2: Foul Ball, location: 2F
0-2: Hit by Pitch
Batting: RHB Jim Coffey 0-0: Foul Ball, location: 2F
0-1: Called Strike
0-2: Ball
1-2: Grounds into double play, 6-4-3 (Groundball, 6M)
Batting: LHB George Huffman 0-0: SINGLE (Line Drive, 89S)
Batting: RHB Roberto Ríos 0-0: Called Strike
0-1: Ball
1-1: Foul Ball, location: 2F
1-2: Foul Ball, location: 2F
1-2: Ball
George Huffman steals 2nd base
2-2: Foul Ball, location: 2F
2-2: Ball
3-2: SINGLE (Groundball, 56)
George Huffman to third
George Huffman scores
Batting: LHB Valentín Salas 0-0: Called Strike
0-1: Ball
1-1: Ball
2-1: Ball
3-1: Base on Balls
Roberto Ríos to second
Batting: RHB Oliver Aranda 0-0: Called Strike
0-1: Ball
1-1: Ball
2-1: Called Strike
2-2: Foul Ball, location: 2F
2-2: Ball
3-2: SINGLE (Groundball, 56D)
Roberto Ríos to third
Valentín Salas to second
Roberto Ríos scores
Valentín Salas to third
Batting: RHB Gustavo Mateo 0-0: Ground out 6-3 (Groundball, 56)
Top of the 5th over - 2 run(s), 3 hit(s), 0 error(s), 2 left on base; Salt Lake City 2 - Tortolita 4
BOTTOM OF THE 5TH
Tortolita Drummers batting - Pitching for Salt Lake City Buzz : RHP Deron Kuhn
Batting: SHB Dan Godwin 0-0: Foul Ball, location: 2F
0-1: Ball
1-1: Foul Ball, location: 2F
1-2: Fly out, F7 (Flyball, 78M)
Batting: RHB Jim Harris 0-0: Foul Ball, location: 2F
0-1: Swinging Strike
0-2: Ball
1-2: Ball
2-2: Ball
3-2: Foul Ball, location: 2F
3-2: Ground out 6-3 (Groundball, 6M)
Batting: SHB Roger Wheeler 0-0: Called Strike
0-1: Foul Ball, location: 2F
0-2: Reached on error, E6 (Groundball, 6)
Batting: LHB Adrián Franco 0-0: Called Strike
0-1: Reached on error, E5 (Groundball, 15S)
Roger Wheeler to third
Batting: RHB Nick Reed 0-0: Fly out, F8 (Flyball, 89M)
Bottom of the 5th over - 0 run(s), 0 hit(s), 2 error(s), 2 left on base; Salt Lake City 2 - Tortolita 4
TOP OF THE 6TH
Salt Lake City Buzz batting - Pitching for Tortolita Drummers : RHP Michael Logan
Batting: SHB Wayne Saunders 0-0: Called Strike
0-1: Ball
1-1: Ball
2-1: Foul Ball, location: 2F
2-2: Ground out 6-3 (Groundball, 6M)
Batting: SHB Carlton Reed 0-0: Ball
1-0: Called Strike
1-1: Swinging Strike
1-2: Foul Ball, location: 2F
1-2: Ball
2-2: Foul Ball, location: 2F
2-2: Ball
3-2: SINGLE (Line Drive, 89S)
Pitching: RHP Luis Gonzáles
Batting: RHB Zach Lewis 0-0: Foul Ball, location: 2F
0-1: Ball
1-1: Called Strike
1-2: Ball
2-2: 2-RUN HOME RUN (Flyball, 7D), Distance : 369 ft
Batting: RHB Jim Coffey 0-0: Ball
1-0: Foul Ball, location: 2F
1-1: Ball
2-1: Fly out, F9 (Popup, 9LS)
Batting: LHB George Huffman 0-0: Ball
1-0: Fly out, F9 (Flyball, 9M)
Top of the 6th over - 2 run(s), 2 hit(s), 0 error(s), 0 left on base; Salt Lake City 4 - Tortolita 4
BOTTOM OF THE 6TH
Tortolita Drummers batting - Pitching for Salt Lake City Buzz : RHP Deron Kuhn
Batting: SHB Will Brock 0-0: Ball
1-0: Ground out 1-3 (Groundball, 15)
Batting: RHB Ignacio Rodríguez 0-0: Called Strike
0-1: Ball
1-1: Ball
2-1: Ground out U3 (Groundball, 3S)
Batting: LHB Keith Spear 0-0: Called Strike
0-1: Ground out 3-1 (Groundball, 34S)
Bottom of the 6th over - 0 run(s), 0 hit(s), 0 error(s), 0 left on base; Salt Lake City 4 - Tortolita 4
TOP OF THE 7TH
Salt Lake City Buzz batting - Pitching for Tortolita Drummers : RHP Luis Gonzáles
Pinch Hitting: LHB Fernando González 0-0: Hit by Pitch
Batting: LHB Valentín Salas 0-0: Sac Bunt - play at first, batter OUT! 1-4
Fernando González to second
Batting: RHB Oliver Aranda 0-0: Called Strike
0-1: Ground out 6-3 (Groundball, 6)
Batting: RHB Gustavo Mateo 0-0: Hit by Pitch
Batting: SHB Wayne Saunders 0-0: Ball
1-0: Ball
2-0: Ball
3-0: Base on Balls
Fernando González to third
Gustavo Mateo to second
Batting: SHB Carlton Reed 0-0: Ball
1-0: Foul Ball, location: 2F
1-1: Called Strike
1-2: Ground out U3 (Groundball, 3S)
Top of the 7th over - 0 run(s), 0 hit(s), 0 error(s), 3 left on base; Salt Lake City 4 - Tortolita 4
BOTTOM OF THE 7TH
Tortolita Drummers batting - Pitching for Salt Lake City Buzz : RHP Deron Kuhn
Now in LF: Juan Martínez
Pinch Hitting: LHB Jim Unknown 0-0: Ball
1-0: Ball
2-0: Foul Ball, location: 2F
2-1: Ball
3-1: Base on Balls
Batting: SHB Dan Godwin 0-0: Called Strike
0-1: Foul Ball, location: 2F
0-2: Foul Ball, location: 2F
0-2: Ball
1-2: Ball
2-2: Strikes out looking
Batting: RHB Jim Harris 0-0: Called Strike
0-1: Ball
1-1: Ball
2-1: Ball
Jim Unknown steals 2nd base
3-1: Intentional Walk
Pinch Hitting: LHB Raúl Andrade 0-0: Ball
1-0: Ball
2-0: Ball
3-0: Base on Balls
Jim Unknown to third
Jim Harris to second
Batting: LHB Adrián Franco 0-0: Fielders Choice at 2nd, 3-6 (Groundball, 34)
Jim Unknown scores
Jim Harris to third
Pitching: RHP John Dufour
Pinch Hitting: LHB Gonzalo Féliz 0-0: Ground out 1-3 (Groundball, 15)
Bottom of the 7th over - 1 run(s), 0 hit(s), 0 error(s), 2 left on base; Salt Lake City 4 - Tortolita 5
TOP OF THE 8TH
Salt Lake City Buzz batting - Pitching for Tortolita Drummers : RHP Luis Gonzáles
Pitching: LHP Steven Hodnett
Now at 3B: Mike Blue
Now at SS: Gonzalo Féliz
Now in RF: Jim Unknown
Batting: RHB Zach Lewis 0-0: Swinging Strike
0-1: Foul Ball, location: 2F
0-2: Foul Ball, location: 2F
0-2: Fly out, F9 (Flyball, 9LM)
Batting: RHB Jim Coffey 0-0: Called Strike
0-1: Ball
1-1: Ball
2-1: Called Strike
2-2: Ball
3-2: Base on Balls
Batting: LHB George Huffman 0-0: Fielders Choice at 2nd, 1-6 (Groundball, 25)
Pinch Hitting: SHB Felipe González 0-0: Called Strike
0-1: Foul Ball, location: 2F
0-2: Ball
1-2: SINGLE (Line Drive, 6M)
George Huffman to second
Batting: LHB Valentín Salas 0-0: Called Strike
0-1: Ground out U3 (Groundball, 3)
Top of the 8th over - 0 run(s), 1 hit(s), 0 error(s), 2 left on base; Salt Lake City 4 - Tortolita 5
BOTTOM OF THE 8TH
Tortolita Drummers batting - Pitching for Salt Lake City Buzz : RHP John Dufour
Now in LF: Roger Osborne
Batting: SHB Will Brock 0-0: Called Strike
0-1: Ball
1-1: Swinging Strike
1-2: SINGLE (Line Drive, 34D)
Batting: RHB Ignacio Rodríguez 0-0: Bunt missed!
0-1: Sac Bunt - play at first, batter OUT! 1-4
Will Brock to second
Batting: LHB Keith Spear 0-0: Intentional Walk
Batting: LHB Jim Unknown 0-0: Called Strike
Keith Spear steals 2nd base
Will Brock to third
0-1: Ground out 4-3 (Groundball, 4M)
Batting: SHB Dan Godwin 0-0: Called Strike
0-1: Ball
Wild Pitch!
Will Brock scores
Keith Spear to third
1-1: Ball
2-1: Ground out U3 (Groundball, 3)
Bottom of the 8th over - 1 run(s), 1 hit(s), 0 error(s), 1 left on base; Salt Lake City 4 - Tortolita 6
TOP OF THE 9TH
Salt Lake City Buzz batting - Pitching for Tortolita Drummers : LHP Steven Hodnett
Pitching: RHP Pete Wood
Batting: RHB Oliver Aranda 0-0: Ball
1-0: Ball
2-0: Called Strike
2-1: Ball
3-1: Ground out 5-3 (Groundball, 56)
Batting: RHB Gustavo Mateo 0-0: Swinging Strike
0-1: Ball
1-1: Ball
2-1: Ground out 1-3 (Groundball, 23)
Batting: SHB Wayne Saunders 0-0: Called Strike
0-1: Swinging Strike
0-2: Ball
1-2: Strikes out swinging
Top of the 9th over - 0 run(s), 0 hit(s), 0 error(s), 0 left on base; Salt Lake City 4 - Tortolita 6
This league is powered by Out of the Park Baseball, the baseball management simulation game for PC, Mac and Linux
Friday, April 15th, 2016 - OOTP Baseball 16.9 Build 39